 Dungeon Crawl Stone Soup version 0.32-a0-994-gabb26cbae4 (webtiles) character file.

Game seed: 13697356617897485151

98 Ijustatesigmund the Firebug (level 4, -1/36 HPs)
             Began as a Mountain Dwarf Fire Elementalist on Apr 22, 2024.
             Incinerated by a bombardier beetle (4 damage)
             ... with a burning spray
             ... on level 3 of the Dungeon.
             The game lasted 00:03:47 (2800 turns).

Ijustatesigmund the Firebug (MDFE)                  Turns: 2800, Time: 00:03:48

Health: -1/36      AC: 14    Str: 10    XL:     4   Next: 44%
Magic:  0/7        EV: 10    Int: 18    God:
Gold:   80         SH:  0    Dex: 10    Spells: 4/7 levels left

rFire   . . .        j - +2 hand axe (heavy)
rCold   . . .        (no shield)
rNeg    . . .        a - +3 leather armour
rPois   .            p - +1 helmet
rElec   .            c - +0 cloak
rCorr   .            (no gloves)
SInv    .            q - +0 pair of boots
Will    .....        (no amulet)
Stlth   +            f - +4 ring of protection
HPRegen 0.26/turn    (no ring)
MPRegen 0.10/turn

%: no passive effects
@: confused, on fire, ambrosia-drunk, glowing
A: runic magic, artefact enchanting
a: no special abilities


You were on level 3 of the Dungeon.
You visited 1 branch of the dungeon, and saw 3 of its levels.

You collected 80 gold pieces.

Inventory:

Hand Weapons
 j - a +2 heavy hand axe (weapon)
Armour
 a - a +3 leather armour (worn)
 c - a +0 cloak (worn)
 p - a +1 helmet (worn)
 q - a +0 pair of boots (worn)
Jewellery
 f - a +4 ring of protection (left hand)
Scrolls
 d - a scroll of enchant weapon
 e - a scroll of fog {unknown}
 h - a scroll of immolation {unknown}
 i - 2 scrolls of blinking {unknown}
 l - a scroll of brand weapon {unknown}
 o - a scroll of identify {unknown}
Potions
 b - a potion of magic
 g - a potion of ambrosia
 k - a potion of berserk rage {unknown}
 m - a potion of lignification {unknown}
 n - a potion of mutation {unknown}


   Skills:
 + Level 2.1 Fighting
 + Level 1.6 Axes
 + Level 1.0 Armour
 - Level 1.3 Dodging
 - Level 1.4 Stealth
 + Level 2.4 Spellcasting
 - Level 0.8 Conjurations
 + Level 4.5 Fire Magic


You had 4 spell levels left.
You knew the following spells:

 Your Spells              Type           Power      Damage    Failure   Level
a - Foxfire               Conj/Fire      44%        2x1d6     6%          1
b - Scorch                Fire           36%        2d6       4%          2

Your spell library contained the following spells:

 Spells                   Type           Power      Damage    Failure   Level
 Inner Flame              Hex/Fire       10%        N/A       22%         3
 Volatile Blastmotes      Fire/Tloc      20%        2d11      22%         3
 Call Canine Familiar     Summ           2%         N/A       50%         3
 Sigil of Binding         Hex            2%         N/A       50%         3
 Flame Wave               Conj/Fire      11%        2d6       52%         4
 Dimensional Bullseye     Hex/Tloc       1%         N/A       88%         4


Dungeon Overview and Level Annotations

Branches:
Dungeon (3/15)

Altars:
Dithmenos

Annotations:
D:3 Terence


Innate Abilities, Weirdness & Mutations

Your spellcasting is much less encumbered by armour.
You can use scrolls of enchantment on lesser artefacts.


Message History

Flames lash the adder.
You kill the adder!
You feel sick. The bombardier beetle misses you.
You feel sick.
Unknown command.
Casting: Scorch (safe; 4% risk of failure)
Confirm with . or Enter, or press ? or * to list all spells.
Flames lash the bombardier beetle.
The bombardier beetle is heavily wounded.
The bombardier beetle's fire resistance burns away.
You feel sick.
The bombardier beetle bites you but does no damage.
You feel sick.
The bombardier beetle bites you but does no damage.
Casting: Scorch (safe; 4% risk of failure)
Confirm with . or Enter, or press ? or * to list all spells.
Flames lash the bombardier beetle.
The bombardier beetle is burned terribly!
The bombardier beetle is severely wounded.
You feel sick.
You feel sick.
The bombardier beetle sprays incendiary fluid at you.
The burning spray hits you.
You are covered in liquid fire!
Unknown command.
You slash the bombardier beetle!
You kill the bombardier beetle!
The liquid fire burns you!
* * * LOW HITPOINT WARNING * * *
You feel sick.
You are no longer poisoned.
Your Fighting skill increases to level 2!
Your Armour skill increases to level 1!
You have reached level 4!
You feel clever.
It was a potion of ambrosia.
You are confused.
You feel invigorated. The liquid fire burns you!
You die...

#.............#
#.#...###.###.####
#.#...#...........
....!......###.####
##.#...#.#........
...........###.###
#.........###.
###.##......... #
#@.#......
......†††#.......
###...#..#.......
#...#.......... #..
#.##....#.. #.. +..
..... .. #.# .. ...
#.# ..#


There were no monsters in sight!

Vanquished Creatures
  A bombardier beetle (D:3)
  2 adders
  2 dart slugs (D:2)
  An orc (D:3)
  6 bats
  An endoplasm (D:2)
  3 giant cockroaches (D:1)
  2 goblins (D:1)
  2 hobgoblins
  3 jackals (D:3)
  5 ball pythons
  5 frilled lizards
  3 kobolds
  10 rats
46 creatures vanquished.

Vanquished Creatures (others)
  78 foxfires
78 creatures vanquished.

Grand Total: 124 creatures vanquished

Notes
Turn   | Place    | Note
-------+----------+-------------------------------------------
     0 | D:1      | Ijustatesigmund the Mountain Dwarf Fire Elementalist began
                  | the quest for the Orb.
     0 | D:1      | Reached XP level 1. HP: 14/14 MP: 3/3
   811 | D:1      | Reached XP level 2. HP: 21/22 MP: 1/5
   877 | D:1      | Reached skill level 1 in Fighting
   886 | D:1      | Reached skill level 4 in Fire Magic
  1157 | D:1      | Learned a level 2 spell: Scorch
  1978 | D:2      | Reached XP level 3. HP: 28/28 MP: 1/6
  2156 | D:2      | Reached skill level 1 in Axes
  2363 | D:2      | Found a faded altar of an unknown god.
  2567 | D:3      | Noticed Terence
  2755 | D:3      | Found a shadowy altar of Dithmenos.
  2800 | D:3      | Reached skill level 1 in Armour
  2800 | D:3      | Reached XP level 4. HP: 3/36 MP: 0/7
  2800 | D:3      | Incinerated by a bombardier beetle

Illustrated notes

Levels and vault maps discovered:
D:1:      nicolae_arrival_somewhat_less_tricky_arrival, layout_loops_corners
D:2:      layout_rooms, shapermc_ecumenical_altar_hornbeckon
D:3:      layout_basic, grunt_dithmenos_smoke, minitemple, uniq_terence,
          uniq_ijyb

Skill      XL: |  1  2  3 |
---------------+----------+-----
Spellcasting   | 2 |  2.4
Fighting       | 1 2 |  2.1
Fire Magic     | 4 |  4.5
Axes           | 1 |  1.6
Armour         | 1 |  1.0
Dodging        | |  1.3
Stealth        | |  1.4
Conjurations   | |  0.8

Action                     |  1- 3 |  4- 6 || total
---------------------------+-------+-------++-------
  Melee: Unarmed           |    14 |       ||    14
         Punch             |     1 |       ||     1
         Short sword       |    12 |       ||    12
         Hand axe          |    33 |       ||    33
   Cast: Foxfire           |    48 |       ||    48
         Scorch            |     5 |       ||     5
    Use: Scroll            |     1 |       ||     1
         Potion            |       |     1 ||     1
 Armour: Robe              |    37 |       ||    37
         Leather armour    |    60 |       ||    60
  Dodge: Dodged            |    47 |       ||    47

Table legend: (Time is in decaauts)
 A = Elapsed time spent in this place.
 B = Non-inter-level travel time spent in this place.
 C = Inter-level travel time spent in this place.
 D = Time resting spent in this place.
 E = Time spent auto-exploring this place.
 F = Levels seen in this place.
 G = Mean time per level.
                   A        B        C        D        E       F      G
               +--------+--------+--------+--------+--------+-----+--------+
         Total |   2836 |   2797 |     39 |    873 |   1521 |   3 |  945.3 |
       Dungeon |   2836 |   2797 |     39 |    873 |   1521 |   3 |  945.3 |
               +--------+--------+--------+--------+--------+-----+--------+

Top non-repeatable levels by time:
     D:1: 1915 daAuts
     D:2: 769 daAuts
     D:3: 151 daAuts
